 Dungeon Crawl Stone Soup version 0.27-a0-1595-g0b823d0a13 (webtiles) character file.

Game seed: 8127199077761982824

21 robertstho the Chiller (level 2, -4/14 HPs)
             Began as a Vine Stalker Ice Elementalist on July 20, 2021.
             Succumbed to a kobold's poison
             ... on level 1 of the Dungeon.
             The game lasted 00:01:49 (1213 turns).

robertstho the Chiller (VSIE)                       Turns: 1213, Time: 00:01:50

Health: -4/14      AC:  2    Str: 10    XL:     2   Next: 83%
Magic:  3/6        EV: 12    Int: 15    God:
Gold:   0          SH:  0    Dex: 14    Spells: 4/5 levels left

rFire    . . .     SeeInvis .   (no weapon)
rCold    . . .     Faith    .   (no shield)
rNeg     . . .     Spirit   +   a - +0 robe
rPois    .         Reflect  .   (no helmet)
rElec    .         Harm     .   (no cloak)
rCorr    .         Rampage  .   (no gloves)
Will     .....                  (no boots)
Stlth    ++........             (no amulet)
HPRegen  0.04/turn              (no ring)
MPRegen  0.10/turn              (no ring)

@: mighty, lethally poisoned (-4 -> -29)
A: fangs 2, magic shield, antimagic bite, no potion heal 2
a: no special abilities


You were on level 1 of the Dungeon.
You visited 1 branch of the dungeon, and saw 1 of its levels.

Inventory:

Armour
 a - a +0 robe (worn)
Scrolls
 b - a scroll of magic mapping {unknown}
 i - a scroll of enchant weapon {unknown}
Potions
 c - a potion of ambrosia {unknown}
 d - a potion of attraction {unknown}
 e - a potion of haste {unknown}
 f - a potion of curing {unknown}
 g - a potion of heal wounds {unknown}
 h - a potion of might


   Skills:
 * Level 0.5 Fighting
 + Level 1.7 Dodging
 + Level 2.7 Stealth
 + Level 0.2 Unarmed Combat
 * Level 2.4 Spellcasting
 + Level 4.2 Ice Magic


You had 4 spell levels left.
You knew the following spells:

 Your Spells              Type           Power      Damage    Failure   Level
a - Freeze                Ice            56%        1d7       3%          1

Your spell library contained the following spells:

 Spells                   Type           Power      Damage    Failure   Level
 Frozen Ramparts          Ice            28%        1d4       11%         3
 Ozocubu's Armour         Ice            14%        N/A       11%         3
 Animate Skeleton         Necr           2%         N/A       22%         1
 Magic Dart               Conj           4%         1d3       22%         1
 Pain                     Necr           4%         1d4       22%         1
 Searing Ray              Conj           2%         3d3       32%         2
 Vampiric Draining        Necr           0%         2d6       54%         3
 Hailstorm                Conj/Ice       8%         3d4       65%         4
 Fulminant Prism          Conj/Hex       0%         3d6       91%         4


Dungeon Overview and Level Annotations

Branches:
Dungeon (1/15)

Altars:


Innate Abilities, Weirdness & Mutations

You have extremely sharp teeth.
When hurt, damage is shared between your health and your magic reserves.
Your bite disrupts and absorbs the magic of your enemies.
Potions cannot restore your health.


Message History

Confirm with . or Enter, or press ? or * to list all spells.
Aiming: Freeze (safe; 3% risk of failure)
Press: ? - help, Shift-Dir - straight line, f - jackal
Aim: a jackal (moderately wounded)
You freeze the jackal.
You kill the jackal!
Unknown command.
You see here a jackal corpse.
Found a scroll labelled HUIDYI KOZXOGU.
i - a scroll labelled HUIDYI KOZXOGU You see here a jackal corpse.
Found a club.
You see here a +0 club.
A kobold comes into view. It is wielding a +2 whip of venom.
The kobold shouts!
The kobold throws a stone.
The stone hits you but does no damage.
The kobold throws a stone.
The stone barely misses you.
The kobold throws a stone.
The stone misses you.
The kobold throws a stone.
The stone hits you.
You hit the kobold but do no damage. You bite the kobold, but do no damage.
The kobold hits you with a +2 whip of venom.
You are lethally poisoned!
You closely miss the kobold.
You feel very sick.
The kobold hits you with a +2 whip of venom.
You are more poisoned.
Casting: Freeze (safe; 3% risk of failure)
Confirm with . or Enter, or press ? or * to list all spells.
Aiming: Freeze (safe; 3% risk of failure)
Press: ? - help, Shift-Dir - straight line, f - kobold
Aim: a kobold, wielding a +2 whip of venom and quivering stones You freeze the kobold.
The kobold is moderately wounded.
* * * LOW HITPOINT WARNING * * *
You feel very sick. The kobold hits you but does no damage.
You are more poisoned.
It was a potion of might.
You feel very mighty all of a sudden.
You die...

#.#####.###..##.........
#............###.#######
#######..........#
######.##### #.#
#####.### ##
#.......#####
#...###.##........#####
#....K@.....#.###......
............##.# #######
###.####.#####.# # #.#
#.# #.. ..# #### ###


You could see a kobold.

Vanquished Creatures
  2 ball pythons (D:1)
  2 endoplasms (D:1)
  2 giant cockroaches (D:1)
  2 hobgoblins (D:1)
  2 jackals (D:1)
  A kobold (D:1)
  2 quokkas (D:1)
  2 frilled lizards (D:1)
  2 rats (D:1)
17 creatures vanquished.

Notes
Turn   | Place    | Note
-------+----------+-------------------------------------------
     0 | D:1      | robertstho the Vine Stalker Ice Elementalist began the
                  | quest for the Orb.
     0 | D:1      | Reached XP level 1. HP: 9/9 MP: 4/4
   427 | D:1      | Reached XP level 2. HP: 11/13 MP: 4/6
  1213 | D:1      | Succumbed to a kobold's poison

Illustrated notes

Levels and vault maps discovered:
D:1:      dpeg_arrival_renting, layout_loops_ring

Action                   || total
-------------------------++-------
Melee: Unarmed           ||    82
       Bite              ||    25
 Cast: Freeze            ||    10
  Use: Potion            ||     1
 Stab: Sleeping          ||     4
Armor: Robe              ||    17
Dodge: Dodged            ||    50

Table legend: (Time is in decaauts)
 A = Elapsed time spent in this place.
 B = Non-inter-level travel time spent in this place.
 C = Inter-level travel time spent in this place.
 D = Time resting spent in this place.
 E = Time spent auto-exploring this place.
 F = Levels seen in this place.
 G = Mean time per level.
                   A        B        C        D        E       F      G
               +--------+--------+--------+--------+--------+-----+--------+
         Total |   1213 |   1213 |      0 |      0 |   1048 |   1 | 1213.0 |
       Dungeon |   1213 |   1213 |      0 |      0 |   1048 |   1 | 1213.0 |
               +--------+--------+--------+--------+--------+-----+--------+

Top non-repeatable levels by time:
     D:1: 1213 daAuts
